 Dungeon Crawl Stone Soup version 0.31-a0-196-g86fe4a5e66 (webtiles) character file.

Game seed: 14437939851181611769

3251 nono the Protected (level 9, -2/84 HPs)
             Began as an Armataur Fighter on June 24, 2023.
             Was a Believer of Okawaru.
             Slain by a cyclops (19 damage)
             ... on level 7 of the Dungeon.
             The game lasted 00:12:46 (6662 turns).

nono the Protected (Armataur Fighter)               Turns: 6662, Time: 00:12:47

Health: -2/84      AC: 10    Str: 26    XL:     9   Next: 67%
Magic:  9/9        EV:  9    Int:  9    God:    Okawaru [**....]
Gold:   444        SH:  6    Dex: 15    Spells: 8/8 levels left

rFire   . . .        v - +9 short sword of Duty {chaos, +Blink rN+++ Will- SInv}
rCold   . . .        c - +0 buckler
rNeg    + + +        t - +0 steam dragon scales
rPois   .            i - +2 hat
rElec   .            (no cloak)
rCorr   .            y - +0 pair of gloves
SInv    +            (no barding)
Will    .....        (no amulet)
Stlth   +            D - +6 ring of dexterity
HPRegen 0.34/turn    (no ring)
MPRegen 0.11/turn

%: roll
@: no status effects
A: large, rugged brown scales 3, deformed body, armoured tail, roll, long
tongue, awkward tongue
a: Renounce Religion, Evoke Blink, Heroism


You were on level 7 of the Dungeon.
You worshipped Okawaru.
Okawaru was pleased with you.
You visited 2 branches of the dungeon, and saw 8 of its levels.

You collected 444 gold pieces.

Inventory:

Hand Weapons
 a - a +0 flail
 h - a +0 dagger of electrocution
 v - the +9 short sword of Duty (weapon) {chaos, +Blink rN+++ Will- SInv}
   (You found it on level 5 of the Dungeon)

   rN:        It renders you almost immune to negative energy.
   SInv:      It lets you see invisible.
   +Blink:    It lets you blink.
   Will:      It decreases your willpower.
Armour
 b - a +0 scale mail
 c - a +0 buckler (worn)
 i - a +2 hat (worn)
 n - a +1 ring mail of fire resistance
 t - +0 steam dragon scales (worn)
 y - a +0 pair of gloves (worn)
Jewellery
 l - a ring of fire
 z - a +6 ring of intelligence
 D - a +6 ring of dexterity (left hand)
 E - a ring of see invisible
 I - a ring of wizardry
Wands
 A - a wand of paralysis (12)
Scrolls
 e - a scroll of identify
 j - a scroll of poison {unknown}
 k - 2 scrolls of amnesia
 m - 2 scrolls of enchant weapon {unknown}
 p - 2 scrolls of immolation
 r - 3 scrolls of revelation {unknown}
 s - 3 scrolls of teleportation
 w - 3 scrolls of brand weapon {unknown}
 C - a scroll of torment {unknown}
 F - a scroll of silence {unknown}
 H - a scroll of summoning {unknown}
Potions
 d - 3 potions of might
 f - a potion of lignification
 g - a potion of invisibility
 o - a potion of heal wounds
 q - 2 potions of attraction {unknown}
 u - a potion of brilliance {unknown}
 x - a potion of haste {unknown}
 B - a potion of mutation {unknown}
 G - 2 potions of curing {unknown}


   Skills:
 + Level 7.0 Fighting
 - Level 6.0 Maces & Flails
 + Level 9.1 Armour
 + Level 8.3 Shields


You had 8 spell levels left.
You didn't know any spells.
Your spell library contained the following spells:

 Spells                   Type           Power      Damage    Failure   Level
 Beastly Appendage        Tmut           0%         N/A       43%         1
 Sandblast                Erth           0%         2d4       43%         1
 Passwall                 Tmut/Erth      0%         N/A       56%         2
 Wereblood                Tmut           0%         N/A       56%         2
 Spider Form              Tmut/Pois      0%         N/A       80%         3
 Stone Arrow              Conj/Erth      0%         3d7       80%         3
 Lehudib's Crystal Spear  Conj/Erth      0%         10d2      100%        8
 Animate Armour           Summ/Erth      Unusable   N/A       N/A         4

Dungeon Overview and Level Annotations

Branches:
Dungeon (7/15)             Temple (1/1) D:5

Altars:
Dithmenos
Gozag
Kikubaaqudgha
Makhleb
Nemelex Xobeh
Okawaru
Qazlal
Ru
Trog
Wu Jian
Xom
Yredelemnul
Zin


Innate Abilities, Weirdness & Mutations

You are completely covered in rugged brown scales. (AC +3, +7% HP)
Armour fits poorly on your strangely shaped body.
You have a long armoured tail.
You roll when moving toward enemies. (Rampage)
Your long tongue fully drains potion bottles. (2x potion effects)
Your tongue gives you trouble enunciating. (1.5x scroll delay)


Message History

You kill the komodo dragon!
Okawaru accepts your kill.
Your base Fighting skill increases to level 7!
Your base Armour skill increases to level 9!
You feel like a meek peon again.
Magic restored.
A cyclops comes into view.
The cyclops shouts!
The cyclops throws a large rock.
You block the large rock.
You puncture the cyclops!
The cyclops is lightly wounded.
The cyclops hits you!!
* * * LOW HITPOINT WARNING * * *
You hit the cyclops. You burn the cyclops.
The cyclops is moderately wounded.
You hit the cyclops. You burn the cyclops. You tail-slap the cyclops!
The cyclops is heavily wounded.
The cyclops hits you but does no damage.
You hit the cyclops.
The cyclops suddenly seems more agile.
The cyclops is severely wounded.
The cyclops hits you but does no damage.
You barely miss the cyclops.
The cyclops is heavily wounded.
You puncture the cyclops!
You feel better.
The cyclops is severely wounded.
You block the cyclops's attack.
You closely miss the cyclops.
Your tail-slap misses the cyclops.
The cyclops is severely wounded.
The cyclops hits you but does no damage.
You barely miss the cyclops.
The cyclops is severely wounded.
The cyclops hits you!
* * * LOW HITPOINT WARNING * * *
You hit the cyclops.
The cyclops is poisoned.
You tail-slap the cyclops, but do no damage.
The cyclops is almost dead.
You hit the cyclops. You burn the cyclops.
Your tail-slap misses the cyclops.
The cyclops is almost dead.
The cyclops hits you!!
You die...

............##
.............##
#............##
##.......##....# #
#...#..............# ..
#....##...#........#.#..
#............#..##....#
#...........##..†.# .
##...###..@##...#.#
###......#..C#......# #
###.##...............##
#.#...####....##......##
........##...##.....C##
....†.......###......#
###........## .......#
###..<...# #..##.....
#.###...#... ....#.#


You could see a cyclops (agile, very poisoned).

Vanquished Creatures
  Pikel (D:6)
  A komodo dragon (D:7)
  A wyvern (D:7)
  2 steam dragons
  Menkaure (D:5)
  An ice beast (D:5)
  3 black bears
  3 ogres
  A phantom (D:6)
  3 lemures (D:6)
  A kobold brigand (D:6)
  A bullfrog (D:7)
  5 scorpions
  2 jellies
  7 hounds
  An orc priest (D:6)
  A sleepcap (Temple)
  5 iguanas
  2 orc wizards (D:5)
  18 adders
  A white imp (D:4)
  2 ufetubi
  4 worms (D:2)
  5 dart slugs
  5 orcs
  9 bats
  6 endoplasms
  4 giant cockroaches
  9 goblins
  7 hobgoblins
  8 kobolds
  7 quokkas
  9 ball pythons
  5 frilled lizards
  5 rats
146 creatures vanquished.

Vanquished Creatures (others)
  A killer bee (D:6)
  An adder (D:6)
  A kobold (D:4)
3 creatures vanquished.

Grand Total: 149 creatures vanquished

Notes
Turn   | Place    | Note
-------+----------+-------------------------------------------
     0 | D:1      | nono the Armataur Fighter began the quest for the Orb.
     0 | D:1      | Reached XP level 1. HP: 19/19 MP: 1/1
   213 | D:1      | Reached XP level 2. HP: 26/26 MP: 2/2
   525 | D:1      | Found a faded altar of an unknown god.
   855 | D:1      | Reached skill level 4 in Armour
   908 | D:1      | Reached XP level 3. HP: 32/33 MP: 3/3
  1208 | D:2      | Reached XP level 4. HP: 40/40 MP: 4/4
  1687 | D:2      | Reached XP level 5. HP: 48/48 MP: 5/5
  2193 | D:3      | Found a sacrificial altar of Ru.
  2235 | D:3      | Found a sparkling altar of Nemelex Xobeh.
  2237 | D:3      | Found a glowing silver altar of Zin.
  2363 | D:3      | Found a stormy altar of Qazlal.
  2991 | D:4      | Noticed a steam dragon
  3015 | D:4      | Killed a steam dragon
  3016 | D:4      | Reached skill level 5 in Armour
  3016 | D:4      | Reached XP level 6. HP: 39/55 MP: 6/6
  3155 | D:4      | Reached skill level 5 in Shields
  3411 | D:4      | Reached XP level 7. HP: 37/64 MP: 7/7
  3571 | D:4      | Found an opulent altar of Gozag.
  3635 | D:4      | Reached skill level 6 in Armour
  4260 | D:5      | Entered Level 5 of the Dungeon
  4382 | D:5      | Found a faded altar of an unknown god.
  4406 | D:5      | Found a staircase to the Ecumenical Temple.
  4416 | Temple   | Entered the Ecumenical Temple
  4451 | Temple   | Became a worshipper of Warmaster Okawaru
  4633 | D:5      | Reached skill level 5 in Fighting
  4782 | D:5      | Identified the +9 short sword of Duty {chaos, +Blink rN+++
                  | Will- SInv}
  4917 | D:5      | Reached XP level 8. HP: 55/72 MP: 8/8
  5138 | D:5      | Reached * piety under Okawaru
  5225 | D:5      | Noticed Menkaure
  5231 | D:5      | Killed Menkaure
  5232 | D:5      | Reached skill level 7 in Armour
  5564 | D:6      | Found an ornate altar of the Wu Jian Council.
  5569 | D:6      | Reached skill level 5 in Maces & Flails
  5644 | D:6      | Noticed Pikel
  5691 | D:6      | Paralysed by Pikel for 5 turns
  5701 | D:6      | Killed Pikel
  5716 | D:6      | Reached skill level 8 in Armour
  5716 | D:6      | Reached XP level 9. HP: 52/80 MP: 9/9
  5844 | D:6      | Found a shimmering altar of Xom.
  5849 | D:6      | Reached ** piety under Okawaru
  5962 | D:6      | Found a bloodstained altar of Trog.
  6601 | D:7      | Noticed a komodo dragon
  6619 | D:7      | Killed a komodo dragon
  6620 | D:7      | Reached skill level 9 in Armour
  6642 | D:7      | Noticed a cyclops
  6662 | D:7      | Slain by a cyclops

Illustrated notes

Levels and vault maps discovered:
D:1:      nzn_arrival_depleted_hourglass, layout_basic,
          ebering_ecumenical_altar_hall
D:2:      layout_basic, minmay_curled_crystal, chequers_serial_rivers_micro_c,
          minmay_joined_circles
D:3:      layout_basic, grunt_qazlal_clouds, nicolae_ru_the_path_less_chosen,
          chequers_temple_overflow_statue_of_worship, serial_rivers,
          chequers_serial_rivers_micro_d, chequers_serial_rivers_micro_c,
          chequers_serial_rivers_large_a, chequers_serial_rivers_large_b,
          chequers_serial_rivers_micro_a, hex_large, nicolae_figureground_pulse
D:4:      minmay_general_purpose_star, layout_basic, overflow_temple_1_default
D:5:      layout_cave_pools, temple_fountains, serial_column_ruins,
          column_ruins_temple_circle, column_ruins_open_tiny,
          column_ruins_corridor_straight, column_ruins_open_tiny,
          column_ruins_grid_3, column_ruins_grid_2, kennysheep_big_empty_room,
          uniq_menkaure
D:6:      layout_basic, old_standard_altar, hangedman_feature_mirror, uniq_pikel
D:7:      minmay_the_grid_octo_tiled_octocenter [minmay_the_grid_octo_clover,
          minmay_the_grid_octo_horde, minmay_the_grid_octo_teeth,
          minmay_the_grid_octo_thin_diamonds, minmay_the_grid_octo_prize_big_c,
          minmay_the_grid_square_5x5_inner_v,
          minmay_the_grid_square_5x5_shrine1, minmay_the_grid_square_5x5_lines,
          minmay_the_grid_square_5x5_percent], layout_cave_pools, uniq_maggie
Temple:   jpeg_temple_clearing

Skill      XL: |  1  2  3  4  5  6  7  8  9 |
---------------+----------------------------+-----
Maces & Flails | 2 3 4 5 6 |  6.0
Fighting       | 3 4 5 6 7 |  7.0
Armour         | 4 5 6 8 9 |  9.1
Shields        | 4 5 6 7 8 |  8.3

Action                     |  1- 3 |  4- 6 |  7- 9 || total
---------------------------+-------+-------+-------++-------
  Melee: Flail             |    61 |       |       ||    61
         Tailslap          |     9 |    36 |    34 ||    79
         Dagger            |    43 |   247 |    99 ||   389
         Short sword       |       |       |   173 ||   173
 Invoke: Heroism           |       |       |     2 ||     2
    Use: Potion            |     1 |       |       ||     1
         Scroll            |       |     2 |     4 ||     6
   Stab: Confused          |       |       |     1 ||     1
         Petrified         |       |       |     2 ||     2
 Armour: Scale mail        |    51 |    35 |       ||    86
         Skin              |       |     4 |       ||     4
         Ring mail         |       |    60 |       ||    60
         Steam dragon scal |       |    11 |   107 ||   118
  Dodge: Dodged            |    36 |    90 |   104 ||   230
  Block: Buckler           |    19 |    51 |    54 ||   124

Table legend: (Time is in decaauts)
 A = Elapsed time spent in this place.
 B = Non-inter-level travel time spent in this place.
 C = Inter-level travel time spent in this place.
 D = Time resting spent in this place.
 E = Time spent auto-exploring this place.
 F = Levels seen in this place.
 G = Mean time per level.
                   A        B        C        D        E       F      G
               +--------+--------+--------+--------+--------+-----+--------+
         Total |   6696 |   6408 |    288 |    140 |   5023 |   8 |  837.0 |
       Dungeon |   6620 |   6354 |    266 |    140 |   5010 |   7 |  945.7 |
        Temple |     75 |     53 |     22 |      0 |     13 |   1 |   75.0 |
               +--------+--------+--------+--------+--------+-----+--------+

Top non-repeatable levels by time:
     D:4: 1407 daAuts
     D:5: 1144 daAuts
     D:6: 1066 daAuts
     D:3: 991 daAuts
     D:1: 983 daAuts
     D:2: 921 daAuts
     D:7: 106 daAuts
  Temple: 75 daAuts
